 Dungeon Crawl Stone Soup version 0.23-a0-189-gc87c613 (webtiles) character file.

13916 Felrender the Cleaver (level 11, -1/148 HPs)
             Began as a Minotaur Fighter on Sept 23, 2018.
             Was the Champion of Okawaru.
             Slain by a naga
             ... wielding a +0 long sword
              (2 damage)
             ... on level 3 of the Lair of Beasts.
             The game lasted 00:22:11 (9877 turns).

Felrender the Cleaver (Minotaur Fighter)            Turns: 9877, Time: 00:22:11

Health: -1/148     AC: 25    Str: 23    XL:     11   Next: 81%
Magic:  0/10       EV: -1    Int:  5    God:    Okawaru [******]
Gold:   826        SH: 13    Dex: 11    Spells: 10/10 levels left

rFire    . . .     SeeInvis .   N - +3 scimitar (flame)
rCold    . . .     Gourm    .   c - +1 shield
rNeg     + + +     Faith    .   (armour currently unavailable)
rPois    +         Spirit   +   (helmet currently unavailable)
rElec    .         Reflect  .   (cloak currently unavailable)
rCorr    .         Harm     .   (gloves currently unavailable)
MR       .....     NoTele   +   (boots currently unavailable)
Stlth    +++.......             j - amulet of guardian spirit
HPRegen  0.34/turn              r - ring of stealth
MPRegen  0.12/turn              w - ring of flight

@: lethally poisoned (-1 -> -1), tree-form, constricted
A: (retaliatory headbutt)
a: Heroism, Finesse, Renounce Religion


You were on level 3 of the Lair of Beasts.
You worshipped Okawaru.
Okawaru was exalted by your worship.
You were not hungry.
You were a tree.
You visited 2 branches of the dungeon, and saw 13 of its levels.
You also visited: Ossuary.

You collected 826 gold pieces.

Inventory:

Hand Weapons
 a - a +5 war axe of electrocution
 h - a +0 vampiric short sword
 I - a +3 hand crossbow of freezing
 N - a +3 scimitar of flaming (weapon)
Missiles
 H - 3 tomahawks of returning (quivered)
Armour
 c - a +1 shield (worn)
 d - a +5 ring mail (melded)
 p - a +2 cloak (melded)
 D - a +1 ring mail of positive energy
 K - a cursed +0 leather armour
Jewellery
 j - an amulet of guardian spirit (around neck)
 r - a ring of stealth (left branch)
 w - a ring of flight (right branch)
 L - a cursed -5 ring of dexterity {unknown}
Wands
 z - a wand of disintegration (27)
 A - a wand of random effects (22)
 F - a wand of polymorph (27)
 G - a wand of clouds (2)
 M - a wand of iceblast (8)
Scrolls
 b - 3 scrolls of fog
 l - 10 scrolls of teleportation
 n - 4 scrolls of remove curse
 s - 4 scrolls of amnesia
 x - a scroll of magic mapping
 y - 2 scrolls of fear
 P - a scroll of immolation {unknown}
Potions
 e - 5 potions of curing
 g - a potion of ambrosia
 i - 2 potions of flight
 m - 4 potions of cancellation
 q - a potion of resistance {unknown}
 t - 4 potions of magic
 u - a potion of agility {unknown}
 v - a potion of berserk rage {unknown}
 B - a potion of invisibility {unknown}
 C - 2 potions of haste {unknown}
 J - 3 potions of brilliance {unknown}
 O - a potion of mutation {unknown}
Comestibles
 f - 9 rations


   Skills:
 + Level 9.9 Fighting
 + Level 2.8 Long Blades
 + Level 14.7 Axes
 + Level 8.6 Armour
 + Level 6.1 Dodging
 + Level 3.6 Stealth
 + Level 9.2 Shields
 + Level 0.4 Invocations


You had 10 spell levels left.
You didn't know any spells.
Your spell library contained the following spells:

 Spells                   Type           Power        Failure   Level  Hunger
 Animate Skeleton         Necr           N/A          75%         1    ##.....
 Apportation              Tloc           #.....       75%         1    ##.....
 Confusing Touch          Hex            #.....       75%         1    ##.....
 Magic Dart               Conj           #...         75%         1    ##.....
 Shock                    Conj/Air       #...         75%         1    ##.....
 Summon Small Mammal      Summ           #...         75%         1    ##.....
 Blink                    Tloc           N/A          86%         2    ###....
 Call Imp                 Summ           #.......     86%         2    ###....
 Slow                     Hex            #.......     86%         2    ###....
 Swiftness                Chrm/Air       #.......     86%         2    ###....
 Confuse                  Hex            #.......     98%         3    ####...
 Conjure Flame            Conj/Fire      #.......     98%         3    ####...
 Gell's Gravitas          Tloc           #.........   98%         3    ####...
 Mephitic Cloud           Conj/Pois/Air  #.......     98%         3    ####...
 Static Discharge         Conj/Air       #.......     98%         3    ####...
 Airstrike                Air            #.........   100%        4    #####..
 Petrify                  Tmut/Erth      #.......     100%        4    #####..
 Lightning Bolt           Conj/Air       #.........   100%        5    ######.
 Metabolic Englaciation   Hex/Ice        #.........   100%        5    ######.
 Yara's Violent Unravell  Hex/Tmut       #.........   100%        5    ######.


Dungeon Overview and Level Annotations

Branches:
Dungeon (10/15)            Temple (0/1) D:4            Lair (3/6) D:10
  Snake (0/4) Lair:3
  Swamp: Lair:2-4    Shoals: Lair:2-4       Orc: D:9-12

Altars:
Dithmenos
Elyvilon
Gozag
Hepliaklqana
Makhleb
Okawaru
Qazlal
Sif Muna
Uskayaw
Vehumet
Wu Jian
Xom
Yredelemnul

Annotations:
D:5 2 transporters, snetch's ghost, novice GnWn
D:10 2 transporters, jujuben's ghost, journeyman GrVM


Innate Abilities, Weirdness & Mutations

((You reflexively headbutt those who attack you in melee.))
((You have a pair of horns on your head.))


Message History

Your shield prevents you from hitting the naga.
The naga is moderately wounded.
The naga hits you but does no damage.
* * * LOW HITPOINT WARNING * * *
The naga constricts you. The naga completely misses you.
The naga constricts you.
You barely miss the naga.
The naga is moderately wounded.
You block the naga's attack. The naga constricts you.
You slash the naga! You burn the naga.
The naga is severely wounded.
The naga spits poison at you. The splash of poison hits you!
You are poisoned.
You resist. The naga constricts you.
You barely miss the naga.
The naga is severely wounded.
* * * LOW HITPOINT WARNING * * *
You feel sick. The naga hits you but does no damage.
You die...

.##.. ##. ....
###....##.. #.#.#
.#...##....l...
#....#...#.>.#
##....#....... ..
#.....#.#.#.#...#
#....#...N.)..#
#....#.#.#...#
##..♣#......###
##..)N.....##.#
#....#######..#
#P........>...#
###.....÷..####
#.........#
###.<.#####
#...## ##..#


You could see a naga.

Vanquished Creatures
  A catoblepas (D:9)
  A two-headed ogre (D:8)
  A hydra (Lair:1)
  Erica (Lair:1)
  Pikel (D:6)
  A black mamba (Lair:2)
  3 spiny frogs
  A centaur skeleton (D:10)
  A komodo dragon (Lair:3)
  A rime drake (Lair:1)
  A polar bear (Lair:2)
  6 hippogriffs
  Sigmund (D:6)
  8 yaks
  2 wyverns
  A hungry ghost (D:10)
  2 nagas (Lair:3)
  A water moccasin (Lair:1)
  Duvessa (D:5)
  2 porcupines (Lair:1)
  A slave (D:6)
  4 phantoms
  2 ice beasts
  An orc warrior (D:10)
  A black bear (D:10)
  5 wolves (Lair:2)
  5 centaurs
  8 ogres
  6 crocodiles
  A big kobold (D:5)
  3 bullfrogs
  An elf skeleton (D:7)
  A gnoll sergeant (D:7)
  Dowan (D:5)
  3 scorpions
  3 killer bees (D:9)
  7 howler monkeys
  2 crimson imps
  A human zombie (D:7)
  2 quasits
  4 hounds
  3 jellies
  8 orc priests
  3 human skeletons (D:7)
  9 orc wizards
  3 iguanas
  9 worker ants
  A hound skeleton (D:8)
  2 worker ant zombies
  8 mummies (Ossuary)
  8 gnolls
  3 adders
  A howler monkey skeleton (D:8)
  2 oozes
  An adder skeleton (D:5)
  A worm (D:3)
  2 dart slugs (D:1)
  4 leopard geckos
  30 orcs
  2 ball pythons
  6 giant cockroaches
  8 goblins
  7 hobgoblins
  6 jackals
  16 kobolds
  3 quokkas
  12 bats
  4 frilled lizards
  4 hobgoblin zombies (Ossuary)
  A jackal skeleton (D:8)
  A kobold zombie (Ossuary)
  An orc skeleton (D:7)
  3 orc zombies (Ossuary)
  A quokka skeleton (D:5)
  3 rats
  A butterfly (D:4)
276 creatures vanquished.

Vanquished Creatures (others)
  A slave (D:6)
  A bullfrog (D:6)
  An orc (D:6)
3 creatures vanquished.

Grand Total: 279 creatures vanquished

Notes
Turn   | Place    | Note
-------+----------+-------------------------------------------
     0 | D:1      | Felrender the Minotaur Fighter began the quest for the Orb.
     0 | D:1      | Reached XP level 1. HP: 19/19 MP: 0/0
    92 | D:1      | Reached XP level 2. HP: 25/27 MP: 1/1
   345 | D:1      | Reached XP level 3. HP: 33/34 MP: 2/2
   818 | D:2      | Reached skill level 3 in Axes
   837 | D:2      | Found a stormy altar of Qazlal.
  1158 | D:3      | Reached XP level 4. HP: 38/41 MP: 3/3
  1231 | D:3      | Found a white marble altar of Elyvilon.
  1250 | D:3      | Found a shadowy altar of Dithmenos.
  1424 | D:3      | Reached skill level 4 in Axes
  1534 | D:4      | Noticed an ogre
  1540 | D:4      | Killed an ogre
  1540 | D:4      | Reached XP level 5. HP: 38/47 MP: 4/4
  1601 | D:4      | Found a deep blue altar of Sif Muna.
  1650 | D:4      | Found a hazy altar of Hepliaklqana.
  1978 | D:4      | Found a radiant altar of Vehumet.
  2044 | D:4      | Found an ornate altar of the Wu Jian Council.
  2052 | D:4      | Found a staircase to the Ecumenical Temple.
  2095 | D:4      | Found an iron altar of Okawaru.
  2164 | D:4      | Became a worshipper of Warmaster Okawaru
  2260 | D:5      | Entered Level 5 of the Dungeon
  2260 | D:5      | Noticed an ogre
  2261 | D:5      | Found a transporter.
  2261 | D:5      | Noticed snetch's ghost (novice GnWn)
  2267 | D:5      | Killed an ogre
  2267 | D:5      | Reached skill level 5 in Axes
  2277 | D:5      | Found a transporter.
  2413 | D:5      | Reached XP level 6. HP: 55/55 MP: 5/5
  2508 | D:5      | Reached skill level 5 in Fighting
  2513 | D:5      | Reached skill level 6 in Axes
  2513 | D:5      | Reached skill level 5 in Shields
  2856 | D:5      | Reached * piety under Okawaru
  2856 | D:5      | Reached skill level 5 in Armour
  2856 | D:5      | Reached XP level 7. HP: 34/61 MP: 6/6
  2972 | D:5      | Reached skill level 7 in Axes
  3147 | D:5      | Found a hazy altar of Hepliaklqana.
  3197 | D:5      | Found a white marble altar of Elyvilon.
  3359 | D:5      | Noticed Dowan
  3361 | D:5      | Noticed Duvessa
  3374 | D:5      | Killed Duvessa
  3379 | D:5      | Killed Dowan
  3448 | D:6      | Reached skill level 8 in Axes
  3448 | D:6      | Reached XP level 8. HP: 56/69 MP: 7/7
  3700 | D:6      | Noticed Pikel
  3713 | D:6      | Killed Pikel
  3713 | D:6      | Reached ** piety under Okawaru
  3713 | D:6      | Reached skill level 9 in Axes
  3713 | D:6      | Reached skill level 1 in Stealth
  3732 | D:6      | Found a burning altar of Makhleb.
  4157 | D:6      | Reached *** piety under Okawaru
  4218 | D:6      | Found a shimmering altar of Xom.
  4305 | D:6      | Noticed Sigmund
  4310 | D:6      | Reached XP level 9. HP: 65/77 MP: 8/8
  4316 | D:6      | Killed Sigmund
  4316 | D:6      | Reached skill level 10 in Axes
  4870 | D:7      | Found a sand-covered staircase.
  4935 | Ossuary  | Entered an ossuary
  5159 | D:7      | Reached skill level 11 in Axes
  5644 | D:8      | Reached **** piety under Okawaru
  5689 | D:8      | Found an opulent altar of Gozag.
  5695 | D:8      | Noticed a two-headed ogre
  5708 | D:8      | Killed a two-headed ogre
  5708 | D:8      | Reached skill level 12 in Axes
  5708 | D:8      | Reached XP level 10. HP: 51/86 MP: 6/9
  6107 | D:8      | Found a hide-covered altar of Uskayaw.
  6287 | D:8      | Found a basalt altar of Yredelemnul.
  6597 | D:9      | Reached ***** piety under Okawaru
  6766 | D:9      | Noticed a catoblepas
  6787 | D:9      | Killed a catoblepas
  6787 | D:9      | Reached skill level 13 in Axes
  7302 | D:9      | Received a gift from Okawaru
  7364 | D:10     | Entered Level 10 of the Dungeon
  7414 | D:10     | Found a transporter.
  7417 | D:10     | Noticed jujuben's ghost (journeyman GrVM)
  7420 | D:10     | Noticed a yaktaur captain
  7422 | D:10     | Noticed a cyan ugly thing
  7450 | D:10     | Found a transporter.
  7527 | D:10     | Received a gift from Okawaru
  7627 | D:10     | Found a staircase to the Lair.
  8001 | Lair:1   | Entered Level 1 of the Lair of Beasts
  8033 | Lair:1   | Reached XP level 11. HP: 86/95 MP: 10/10
  8108 | Lair:1   | Noticed a four-headed hydra
  8119 | Lair:1   | Killed an 11-headed hydra
  8132 | Lair:1   | Reached skill level 14 in Axes
  8346 | Lair:1   | Reached skill level 5 in Dodging
  8437 | Lair:1   | Noticed Erica
  8453 | Lair:1   | Killed Erica
  8766 | Lair:2   | Reached ****** piety under Okawaru
  9147 | Lair:2   | Reached skill level 1 in Long Blades
  9832 | Lair:3   | Found a staircase to the Snake Pit.
  9863 | Lair:3   | HP: 7/148 [komodo dragon (2)]
  9866 | Lair:3   | HP: 2/148 [komodo dragon (11)]
  9873 | Lair:3   | HP: 3/148 [naga/long sword (2)]
  9874 | Lair:3   | HP: 1/148 [naga/long sword (2)]
  9877 | Lair:3   | Slain by a naga

Vault maps used:
D:1:      dpeg_arrival_tiny_c
D:2:      old_standard_altar
D:3:      kennysheep_big_flooded_room, grunt_dithmenos_smoke_and_mirrors,
          first_ration, elyvilon_altar_5
D:4:      kennysheep_little_box, kennysheep_mini, lemuel_coloured_pillars_altar,
          lemuel_blue_sif_altar, minmay_temple_entry_butterflies,
          lemuel_statue_altar
D:5:      cheibrodos_thug_alley, lemuel_doored_altar,
          nicolae_overflow_hidden_temple, gammafunk_ghost_arena,
          kennysheep_dice, uniq_duvessa
D:6:      kennysheep_mini_moat, xom_teletrap_fun, serial_glass, glass_columns_a,
          glass_columns_a, glass_columns_a, glass_columns_a, glass_columns_b,
          glass_columns_c, glass_columns_c, glass_columns_a, uniq_sigmund,
          uniq_pikel
D:7:      nicolae_ossuary_entry_catacombs, kennysheep_generic_room_10
D:8:      eat_drink_and_be_merry_uskayaw, old_standard_altar,
          overflow_temple_1_default
D:10:     lair_entry_dummy, gammafunk_ghost_arena
Lair:1:   serial_bayou_shore_b, uniq_erica
Lair:3:   minmay_snake_entry_guardpost_large, lemuel_centaur_altar,
          grunt_megastairs_3
Ossuary:  ossuary_tomb_3

Skill      XL: |  1  2  3  4  5  6  7  8  9 10 11 |
---------------+----------------------------------+-----
Fighting       | 4 5 6 7 8 9 |  9.9
Armour         | 4 5 6 7 8 |  8.6
Shields        | 4 5 6 7 8 9 |  9.2
Axes           | 3 4 5 6 8 9 12 13 14 | 14.7
Dodging        | 2 3 4 6 |  6.1
Stealth        | 2 3 |  3.6
Long Blades    | 2 |  2.8
Invocations    | |  0.4

Action                   |  1- 3 |  4- 6 |  7- 9 | 10-12 || total
-------------------------+-------+-------+-------+-------++-------
Melee: War axe           |    90 |    82 |   250 |   226 ||   648
       Headbutt          |    12 |    13 |    46 |    49 ||   120
       Scimitar          |       |       |       |    70 ||    70
Invok: Heroism           |       |       |     2 |     2 ||     4
  Use: Scroll            |     5 |     6 |    10 |    11 ||    32
       Potion            |       |     1 |       |     5 ||     6
 Stab: Sleeping          |       |       |     4 |     3 ||     7
  Eat: Chunk             |     1 |     2 |     3 |     5 ||    11
       Ration            |       |     1 |     2 |     3 ||     6
Armor: Scale mail        |    28 |       |       |       ||    28
       Chain mail        |    25 |    38 |       |       ||    63
       Ring mail         |       |     4 |    69 |   105 ||   178
       Skin              |       |       |       |    11 ||    11
Dodge: Dodged            |    36 |    22 |    54 |   142 ||   254
Block: Shield            |    52 |    39 |    99 |   155 ||   345
       Rpst.: Scimitar   |       |       |       |     6 ||     6

Table legend:
 A = Non-vault XP
 B = Vault XP
 C = Vault XP percentage of total XP
 D = Non-vault monster count
 E = Vault monster count
 F = Vault count percentage of total count
                 A         B        C        D         E       F
            +---------+---------+-------+---------+---------+-------
      Total |   16916 |    2965 |  14.9 |     232 |      42 |  15.3
            +---------+---------+-------+---------+---------+-------
        D:1 |      53 |       0 |   0.0 |      28 |       0 |   0.0
        D:2 |      35 |       0 |   0.0 |      15 |       0 |   0.0
        D:3 |      46 |       2 |   4.2 |      17 |       2 |  10.5
        D:4 |     115 |       0 |   0.0 |       2 |       0 |   0.0
        D:5 |     644 |     407 |  38.7 |      23 |      12 |  34.3
        D:6 |     883 |     874 |  49.7 |      26 |       2 |   7.1
        D:7 |     754 |     296 |  28.2 |      20 |       7 |  25.9
        D:8 |    1664 |       0 |   0.0 |      23 |       0 |   0.0
        D:9 |    2692 |       0 |   0.0 |      21 |       0 |   0.0
       D:10 |    2124 |       0 |   0.0 |      23 |       0 |   0.0
     Lair:1 |    3886 |     918 |  19.1 |      15 |       1 |   6.2
     Lair:2 |    3242 |       0 |   0.0 |      17 |       0 |   0.0
     Lair:3 |     778 |     320 |  29.1 |       2 |       2 |  50.0
    Ossuary |       0 |     148 | 100.0 |       0 |      16 | 100.0
            +---------+---------+-------+---------+---------+-------
